 Dungeon Crawl Stone Soup version 0.20.1-1-g8b1a95d (webtiles) character file.

64 Zedayar the Sneak (level 3, -9/18 HPs)
             Began as a Spriggan Assassin on Aug 23, 2017.
             Killed by nerve-wracking pain
             ... invoked by an orc priest
              (13 damage)
             ... on level 3 of the Dungeon.
             The game lasted 00:07:36 (1619 turns).

Zedayar the Sneak (Spriggan Assassin)               Turns: 1619, Time: 00:07:36

Health: -9/18      AC:  4    Str: 12    XL:     3   Next: 91%
Magic:  4/4        EV: 17    Int: 12    God:
Gold:   82         SH:  0    Dex: 18    Spells: 2/2 levels left

rFire    . . .     SeeInvis +   a - +2 dagger
rCold    . . .     Gourm    .   (shield restricted)
rNeg     . . .     Faith    .   c - +0 robe
rPois    .         Spirit   .   (helmet restricted)
rElec    .         Reflect  .   h - +1 cloak
rCorr    .         Harm     .   (gloves unavailable)
MR       .....                  (boots unavailable)
Stlth    ++++......             (no amulet)
Regen    0.1/turn               (no ring)
MPRegen  0.1/turn               (no ring)

@: mighty, very quick
A: unfitting armour, see invisible, herbivore 3, speed 3, slow metabolism 2
a: no special abilities


You were on level 3 of the Dungeon.
You were not hungry.

You visited 1 branch of the dungeon, and saw 3 of its levels.

You collected 82 gold pieces.

Inventory:

Hand Weapons
 a - a +2 dagger (weapon)
 b - a +0 blowgun
Missiles
 e - 8 poisoned needles
 f - 2 curare-tipped needles
Armour
 c - a +0 robe (worn)
 d - a +0 cloak
 h - a +1 cloak (worn)
 i - a +0 ring mail
Scrolls
 j - a scroll of identify {unknown}
 k - 5 scrolls of remove curse {unknown}
Potions
 l - a potion of magic {unknown}
Comestibles
 g - 2 bread rations
 m - 3 royal jellies


   Skills:
 + Level 2.1 Fighting
 + Level 2.9 Short Blades
 + Level 2.0 Throwing
 + Level 1.9 Dodging
 * Level 7.1 Stealth


You had 2 spell levels left.
You didn't know any spells.

Dungeon Overview and Level Annotations

Branches:
Dungeon (3/15)

Altars:


Innate Abilities, Weirdness & Mutations

You are very small and have problems with some larger weapons.
You are too small for most types of armour.
You have supernaturally acute eyesight. (SInv)
You are a herbivore.
You cover ground extremely quickly.
You need consume almost no food.


Message History

An orc and an orc priest come into view.
An orc comes into view. It is wielding a war axe.
The orc priest shouts!
The orc shouts!
The orc throws a tomahawk of returning.
The tomahawk of returning hits you!
The weapon returns to the orc!
You puncture the orc priest!
The orc priest is heavily wounded.
You barely miss the orc priest.
The orc priest is heavily wounded.
The orc priest hits you.
* * * LOW HITPOINT WARNING * * *
You hit the orc priest.
The orc priest is almost dead.
The orc hits you with a dagger.
* * * LOW HITPOINT WARNING * * *
The orc priest closely misses you. The orc priest misses you.
The orc priest mumbles some strange prayers to Beogh against you.
Pain shoots through your body!
Ouch! That really hurt!
You die...

#.# #.....##.....
#.#.#
########.....
#.#.# #..... #.#.#
#.#### #.#.# #
#######.#.#
........#.#
..........########
........@.ooo.....
..........o.......
≈.≈≈≈≈≈≈≈≈≈...≈≈≈≈
≈≈≈≈≈≈≈≈≈≈≈≈≈≈≈≈≈≈
≈≈≈≈≈≈≈≈≈≈≈≈≈≈≈≈≈≈
####≈≈≈≈≈≈≈≈≈≈≈≈≈≈
###############


You could see 2 orc priests and 2 orcs.

Vanquished Creatures
  4 adders
  An ooze (D:1)
  A leopard gecko (D:1)
  3 bats
  2 giant cockroaches (D:1)
  5 goblins
  A hobgoblin (D:3)
  2 jackals (D:3)
  A ball python (D:1)
  4 rats
  2 fungi (D:1)
  A plant (D:1)
27 creatures vanquished.

Notes
Turn   | Place    | Note
-------+----------+-------------------------------------------
     0 | D:1      | Zedayar the Spriggan Assassin began the quest for the Orb.
     0 | D:1      | Reached XP level 1. HP: 10/10 MP: 2/2
   266 | D:1      | Reached skill level 6 in Stealth
   620 | D:1      | Reached XP level 2. HP: 13/15 MP: 3/3
  1130 | D:1      | You fall through a shaft!
  1340 | D:2      | Reached XP level 3. HP: 18/18 MP: 4/4
  1444 | D:2      | You fall through a shaft!
  1477 | D:3      | Reached skill level 7 in Stealth
  1619 | D:3      | Killed from afar by an orc priest

Skill      XL: |  1  2  3 |
---------------+----------+-----
Stealth        | 6 7 |  7.1
Fighting       | 2 |  2.1
Short Blades   | |  2.9
Throwing       | |  2.0
Dodging        | |  1.9

Action                   || total
-------------------------++-------
Melee: Dagger            ||   248
  Use: Potion            ||     2
 Stab: Sleeping          ||     8
Armor: Robe              ||    19
Dodge: Dodged            ||    90
